 Dungeon Crawl Stone Soup version 0.22-a0-455-ga0624bf (webtiles) character file.

161 xccam the Changer (level 5, -8/40 HPs)
             Began as a Draconian Transmuter on June 5, 2018.
             Killed by divine providence
             ... invoked by an orc priest
              (13 damage)
             ... on level 3 of the Dungeon.
             The game lasted 00:04:11 (2685 turns).

xccam the Changer (Draconian Transmuter)            Turns: 2685, Time: 00:04:11

Health: -8/40      AC:  9    Str: 10 (12) XL:     5   Next: 19%
Magic:  14/18      EV: 11    Int: 13 (15) God:
Gold:   106        SH:  0    Dex: 10 (11) Spells: 7/10 levels left

rFire    . . .     SeeInvis .     - Unarmed
rCold    . . .     Gourm    .   (no shield)
rNeg     . . .     Faith    .   (armour unavailable)
rPois    .         Spirit   .   (helmet restricted)
rElec    .         Reflect  .   (no cloak)
rCorr    .         Harm     .   o - +0 pair of gloves
MR       .....                  (boots currently unavailable)
Stlth    +.........             (no amulet)
HPRegen  0.13/turn              i - ring of magical power
MPRegen  0.16/turn              p - +3 ring of protection

@: appendage, very slightly contaminated, hasted, heavily drained, very quick
A: unfitting armour, talons 3, cold-blooded, AC +5
a: End Transformation


You were on level 3 of the Dungeon.
You were not hungry.
You had grown temporary talons.
You visited 1 branch of the dungeon, and saw 3 of its levels.

You collected 106 gold pieces.

Inventory:

Missiles
 a - 23 arrows
Armour
 o - a +0 pair of gloves (worn)
Jewellery
 i - a ring of magical power (left hand)
 p - a +3 ring of protection (right hand)
 q - an uncursed ring of ice
 s - an uncursed amulet of harm
Scrolls
 b - a scroll of teleportation {unknown}
 e - 2 scrolls of amnesia {unknown}
 f - a scroll of fog {unknown}
 g - 4 scrolls of remove curse {unknown}
 h - a scroll of magic mapping {unknown}
 j - a scroll of random uselessness {unknown}
 l - 3 scrolls of fear {unknown}
 m - a scroll of identify {unknown}
 t - a scroll of immolation {unknown}
Comestibles
 c - 9 rations


   Skills:
 - Level 1.1(0.0) Fighting
 - Level 1.7(0.4) Dodging
 + Level 3.9(2.5) Unarmed Combat
 + Level 3.0(1.7) Spellcasting
 * Level 4.0(2.6) Transmutations


You had 7 spell levels left.
You knew the following spells:

 Your Spells              Type           Power        Failure   Level  Hunger
a - Beastly Appendage     Tmut           #.....       9%          1    ##.....
b - Sticks to Snakes      Tmut           #.......     13%         2    ###....

Your spell library contained the following spells:

 Spells                   Type           Power        Failure   Level  Hunger
 Spider Form              Tmut/Pois      #.........   41%         3    ####...
 Blade Hands              Tmut           #.........   94%         5    ######.
 Ice Form                 Ice/Tmut       #.......     83%         4    #####..


Dungeon Overview and Level Annotations

Branches:
Dungeon (3/15)

Altars:


Innate Abilities, Weirdness & Mutations

Your plain brown scales are hard. (AC +5)
You cannot fit into any form of body armour.
You are cold-blooded and may be slowed by cold attacks.
You have claws for feet.


Message History

* * * LOW HITPOINT WARNING * * *
You aren't carrying any items that you can evoke.
It was a potion of curing.
You feel better.
The orc dies!
The orc priest looks braver for a moment.
You hit the orc but do no damage. Your kick misses the orc.
The orc is severely wounded.
The orc barely misses you.
The orc priest mumbles some strange prayers to Beogh against you.
Beogh smites you!
* * * LOW HITPOINT WARNING * * *
Unknown command.
It was a potion of haste.
You feel yourself speed up. The orc closely misses you.
The orc priest barely misses you.
It was a potion of degeneration.
There was something very wrong with that liquid.
You feel weakened.
You feel dopey.
You feel clumsy.
The orc priest invokes the aid of Beogh against you.
Beogh smites you!
You die...

... .# #.. .# #.. .#
#..########.####
####.)..##.........#
.......)o...###.# #.#
#####.##.##.....# #.#
#. #o##.##..###.#
#.##@##.##..)##.#
#.[..<..#....(#.#####
####.##.........)....
..##.#.......#####
####.#..(....#
#.#...(...#
#..........#
##.#.......#
###?......#


You could see an orc priest and an orc.

Vanquished Creatures
  An orc wizard (D:3)
  Terence (D:3)
  3 adders (D:2)
  3 oozes
  A worm (D:2)
  A leopard gecko (D:1)
  2 orcs (D:3)
  5 bats
  4 giant cockroaches
  11 goblins
  7 hobgoblins
  3 jackals (D:3)
  2 quokkas (D:2)
  3 frilled lizards (D:1)
  4 kobolds
  11 rats
62 creatures vanquished.

Vanquished Creatures (collateral kills)
  A leopard gecko (D:3)
  2 orcs (D:3)
3 creatures vanquished.

Grand Total: 65 creatures vanquished

Notes
Turn   | Place    | Note
-------+----------+-------------------------------------------
     0 | D:1      | xccam the Draconian Transmuter began the quest for the Orb.
     0 | D:1      | Reached XP level 1. HP: 16/16 MP: 3/3
   128 | D:1      | Reached XP level 2. HP: 20/23 MP: 5/5
   755 | D:1      | Reached XP level 3. HP: 12/28 MP: 6/6
  1017 | D:1      | Reached skill level 3 in Transmutations
  1590 | D:2      | Reached XP level 4. HP: 27/35 MP: 7/7
  2261 | D:3      | Learned a level 2 spell: Sticks to Snakes
  2276 | D:3      | Noticed Terence
  2305 | D:3      | Killed Terence
  2423 | D:3      | Reached skill level 4 in Transmutations
  2423 | D:3      | Reached XP level 5. HP: 25/40 MP: 9/9
  2685 | D:3      | Killed from afar by an orc priest

Vault maps used:
D:1:      saegor_arrival_simple_c, minmay_close_crescents
D:3:      first_ration, uniq_terence

Skill      XL: |  1  2  3  4 |
---------------+-------------+-----
Transmutations | 3 4 |  4.0
Spellcasting   | 3 |  3.0
Fighting       | |  1.1
Dodging        | |  1.7
Unarmed Combat | |  3.9

Action                   |  1- 3 |  4- 6 || total
-------------------------+-------+-------++-------
Melee: Unarmed           |   167 |   124 ||   291
       Tailslap          |    24 |    10 ||    34
       Punch             |     1 |     1 ||     2
       Kick              |     3 |     4 ||     7
       Headbutt          |       |     4 ||     4
 Cast: Beastly Appendage |     2 |     5 ||     7
       Sticks to Snakes  |       |     5 ||     5
  Use: Potion            |       |     4 ||     4
 Stab: Sleeping          |     2 |       ||     2
  Eat: Chunk             |     2 |     4 ||     6
Armor: Skin              |    40 |    38 ||    78
Dodge: Dodged            |   101 |    72 ||   173

Table legend:
 A = Spawn XP
 B = Non-spawn XP
 C = Spawn XP percentage of total XP
 D = Spawn monster count
 E = Non-spawn monster count
 F = Spawn count percentage of total count
 G = Total turns spent on level
                    A         B        C        D         E        F      G
               +---------+---------+-------+---------+---------+-------+---------
         Total |       0 |     231 |   0.0 |       0 |      65 |   0.0 |  2685
               +---------+---------+-------+---------+---------+-------+---------
           D:1 |       0 |      62 |   0.0 |       0 |      32 |   0.0 |  1223
           D:2 |       0 |      78 |   0.0 |       0 |      20 |   0.0 |  1026
           D:3 |       0 |      91 |   0.0 |       0 |      13 |   0.0 |   436
               +---------+---------+-------+---------+---------+-------+---------
